 Dungeon Crawl Stone Soup version 0.30-b1-2-g02819fbbbe (webtiles) character file.

Game seed: 8339695196114431744

55679 graymark the Thaumaturge (level 15, -2/145 (160) HPs)
             Began as a Djinni Fire Elementalist on May 25, 2023.
             Was a High Priest of Makhleb.
             Splashed by an acid blob's acid (8 damage)
             ... on level 4 of the Lair of Beasts.
             The game lasted 02:29:29 (20460 turns).

graymark the Thaumaturge (DjFE)                    Turns: 20460, Time: 02:29:30

HP:   -2/145 (160)  AC: 23    Str:  7    XL:     15   Next: 19%
Gold: 439           EV:  2    Int: 30    God:    Makhleb [*****.] SH:  0 Dex: 18

rFire   + . .        I - staff of fire
rCold   + . .        (no shield)
rNeg    . . .        T - melded +2 robe {Will+}
rPois   ∞            n - melded -2 hat of the Alchemist {rElec rPois rF+ rC+ rN+ Will+ rMut rCorr}
rElec   .            A - melded scarf {+Inv}
rCorr   .            e - melded +0 pair of gloves
SInv    +            (boots unavailable)
Will    +....        i - amulet of regeneration
Stlth   ++++         g - ring "Jyhoing" {*Slow rC+ Int+6 Dex+4}
HPRegen 1.24/turn    w - ring of see invisible
MPRegen 0.00/turn

%: slow self (1%), infuse magic (-3 HP)
@: tree-form, corroded, very slightly contaminated, drained, invisible, unable
to read
A: stationary, stasis, torment immunity, boosted hp, sickness immunity, (fire
resistance 2), (cold vulnerability 1), float, innate caster, HP casting, extra
vitality 1, inability to read after injury 1
a: Renounce Religion, Minor Destruction, Lesser Servant of Makhleb, Major
Destruction, Greater Servant of Makhleb


You were on level 4 of the Lair of Beasts.
You worshipped Makhleb.
Makhleb was extremely pleased with you.
You were a tree.
You visited 5 branches of the dungeon, and saw 20 of its levels.

You collected 2391 gold pieces.
You spent 1952 gold pieces at shops.

Inventory:

Hand Weapons
 p - a +4 short sword of protection
 y - the +5 dagger of the Insatiable Violins {holy, *Rage rElec rPois Str+5}
   (You found it on level 2 of the Dungeon)

   Str:       It affects your strength (+5).
   rElec:     It insulates you from electricity.
   rPois:     It protects you from poison.
   *Rage:     It berserks you when you make melee attacks (+20% chance).
 B - a +1 dagger of holy wrath
 O - the +4 falchion of the Equator {heavy, rElec Will- Str+4}
   (You found it on level 9 of the Dungeon)

   Str:       It affects your strength (+4).
   rElec:     It insulates you from electricity.
   Will:      It decreases your willpower.
 U - the +7 falchion "Ynorei" {freeze, *Noise rElec rF+ Str+3}
   (You found it on level 10 of the Dungeon)

   Str:       It affects your strength (+3).
   rF:        It protects you from fire.
   rElec:     It insulates you from electricity.
   *Noise:    It may make noises in combat.
Armour
 c - a +0 buckler
 e - a +0 pair of gloves (melded)
 l - the +2 ring mail of Gallantry {rElec Dex+6}
   (You found it on level 6 of the Dungeon)

   Dex:       It affects your dexterity (+6).
   rElec:     It insulates you from electricity.
 n - the -2 hat of the Alchemist (melded) {rElec rPois rF+ rC+ rN+ Will+ rMut rCorr}
   (You bought it in a shop on level 2 of the Orcish Mines)

   rF:        It protects you from fire.
   rC:        It protects you from cold.
   rElec:     It insulates you from electricity.
   rPois:     It protects you from poison.
   rN:        It protects you from negative energy.
   rCorr:     It protects you from acid and corrosion.
   rMut:      It protects you from mutation.
   Will:      It increases your willpower.
 A - a scarf of invisibility (melded)
 T - a +2 robe of willpower (melded)
 V - the +4 ring mail "Ijaedykh" {Drain rF+ rN+++ Stlth+}
   (You found it on level 11 of the Dungeon)

   rF:        It protects you from fire.
   rN:        It renders you almost immune to negative energy.
   Drain:     It drains your maximum health when unequipped.
   Stlth:     It makes you more stealthy.
Magical Staves
 F - a staff of air
 I - a staff of fire (weapon)
Jewellery
 d - a +4 ring of protection
 g - the ring "Jyhoing" (left branch) {*Slow rC+ Int+6 Dex+4}
   (You acquired it on level 4 of the Dungeon)

   [ring of protection from cold]

   Int:       It affects your intelligence (+6).
   Dex:       It affects your dexterity (+4).
   rC:        It protects you from cold.
   *Slow:     It may slow you when you take damage.
 i - an amulet of regeneration (around neck)
 u - the ring of the Country {Contam rF+++ rCorr Str+4}
   (You acquired it on level 4 of the Dungeon)

   [ring of resist corrosion]

   Str:       It affects your strength (+4).
   rF:        It renders you almost immune to fire.
   Contam:    It causes magical contamination when unequipped.
   rCorr:     It protects you from acid and corrosion.
 w - a ring of see invisible (right branch)
 C - a +5 ring of evasion
 R - a ring of protection from fire
 S - a ring of protection from cold
 Y - a ring of resist corrosion
Wands
 t - a wand of light (21)
 G - a wand of polymorph (5)
 Q - a wand of paralysis (12)
 W - a wand of roots (16)
 Z - a wand of digging (5)
Scrolls
 a - a scroll of fear
 b - 5 scrolls of immolation
 f - 12 scrolls of teleportation
 m - a scroll of blinking
 o - 2 scrolls of enchant weapon
 q - 4 scrolls of noise
 H - 4 scrolls of vulnerability
 J - 2 scrolls of poison
 M - a scroll of identify
 N - a scroll of brand weapon
Potions
 h - 6 potions of attraction
 j - 6 potions of curing
 k - 4 potions of might
 s - 7 potions of haste
 v - 3 potions of resistance
 z - 5 potions of brilliance
 D - a potion of cancellation
 E - 5 potions of berserk rage
 K - 5 potions of lignification
 L - a potion of heal wounds
Miscellaneous
 P - a lightning rod (4/4)
 X - a phial of floods


   Skills:
 + Level 9.7 Fighting
 + Level 4.7 Armour
 - Level 13.0 Dodging
 - Level 7.0 Stealth
 + Level 0.4 Shields
 * Level 13.1 Spellcasting
 + Level 9.2 Invocations


You knew the following spells:

 Your Spells              Type           Power      Damage    Failure   Level
a - Foxfire               Conj/Fire      100%       2x1d9     0%          1
b - Scorch                Fire           100%       2d9       1%          2
c - Volatile Blastmotes   Fire/Tloc      100%       2d18      1%          3
d - Inner Flame           Hex/Fire       99%        N/A       1%          3
e - Flame Wave            Conj/Fire      99%        2d21      1%          4
f - Sandblast             Erth           100%       2d20      0%          1
g - Momentum Strike       Conj/Tloc      100%       3d10      1%          2
h - Dazzling Flash        Conj/Hex       100%       N/A       1%          3
i - Mephitic Cloud        Conj/Pois/Air  78%        N/A       1%          3
j - Olgreb's Toxic Radia  Pois           78%        N/A       1%          4
k - Yara's Violent Unrav  Hex/Tmut       39%        3d16      1%          5
l - Simulacrum            Ice/Necr       39%        N/A       1%          6
Your spell library was empty.

Dungeon Overview and Level Annotations

Branches:
Dungeon (11/15)            Temple (1/1) D:5            Lair (5/5) D:10
  Swamp (0/4) Lair:3       Spider (0/4) Lair:2        Slime (1/5) Lair:4
    Orc (2/2) D:9             Elf (0/3) Orc:2

Altars:
Ashenzari
Cheibriados
Dithmenos
Elyvilon
Fedhas
Gozag
Hepliaklqana
Makhleb
Nemelex Xobeh
Okawaru
Qazlal
Ru
Trog
Uskayaw
Wu Jian
Xom
Yredelemnul
Zin
The Shining One

Shops:
D:11 (   Orc:2 =?[(

Annotations:
D:5 exclusion: downstairs
D:10 2 transporters, exclusion: oklob plant, Alarkh's ghost, novice DsWr
Lair:1 exclusion: downstairs
Lair:4 1 runed translucent door, exclusions: door, downstairs and oklob plant, Alarkh's ghost, journeyman DsHs


Innate Abilities, Weirdness & Mutations

You are a tree.
Your roots penetrate the ground, keeping you stationary.
You cannot be teleported.
You are immune to unholy pain and torment.
Your maximum health is greatly increased.
Your equipment is partially melded.
You are immune to sickness and miasma.
You are immune to poison.
((Your flesh is very heat resistant. (rF++)))
((You are vulnerable to cold. (rC-)))
You float through the air rather than walking.
You learn spells naturally, not from books.
Your magical power is your life essence.
You have superior vitality. (+4 MHP)
You occasionally lose the ability to read scrolls when taking damage.


Message History

Zot will find you in 22028 turns if you stay in this branch and explore no new floors.
Unknown command.
Unknown command.
Unknown command.
Unknown command.
Unknown command.
Unknown command.
You cannot read scrolls in your current state!
Okay, then.
Okay, then.
Unknown command.
Unknown command.
Unknown command.
Really quaff the potion of lignification?
You turn into a tree.
Your scarf of invisibility melds into your body.
The -2 hat of the Alchemist {rElec rPois rF+ rC+ rN+ Will+ rMut rCorr} melds into your body.
Your +0 pair of gloves melds into your body.
Your +2 robe of willpower melds into your body.
You feel less strong-willed.
Your roots penetrate the ground.
The acid blob hits you!!
* * * LOW HITPOINT WARNING * * *
You are splashed with acid.
* * * LOW HITPOINT WARNING * * *
Casting: Sandblast (safe; 0% risk of failure)
Confirm with . or Enter, or press ? or * to list all spells.
Okay, then.
Casting: Sandblast (safe; 0% risk of failure)
Confirm with . or Enter, or press ? or * to list all spells.
Casting: Flame Wave (safe; 1% risk of failure)
Press: ? - help, Dir - look around, f - activate You feel a surge of power!
A wave of flame ripples out!
The flame wave engulfs the acid blob!
The acid blob is severely wounded. (Press . to intensify the flame waves.)
* * * LOW HITPOINT WARNING * * *
The acid blob hits you!!
* * * LOW HITPOINT WARNING * * *
You are splashed with acid!
You die...

#.### ################
###.P###P#.#..#.#.##..###
#........................
#........................
##.......................
#.......................
#.......................
#.................?.....
#......♣J......##+##....
#>........######W(?###.#
##......#.## ##.## ##.
#.......### ### ##
##.......# #P......##
#........# ##......##
#......##


You could see an acid blob.

Vanquished Creatures
  A dire elephant (Lair:5)
  Josephine (Orc:2)
  Erolcha (D:10)
  3 catoblepae
  6 hydras
  2 ogre magi (Orc:2)
  8 two-headed ogres (Orc:2)
  A boulder beetle (Lair:5)
  3 death yaks (Lair:5)
  A deep troll shaman (Lair:5)
  Sonja (Lair:3)
  2 deep trolls (Orc:2)
  2 skysharks (Lair:4)
  Amaemon (D:11)
  2 orc knights (Orc:1)
  An ugly thing (D:10)
  3 cyclopes
  16 elephants
  4 black mambas
  Maurice (Orc:2)
  A gargoyle (D:11)
  4 cane toads
  3 rime drakes
  An orange demon (D:11)
  An unseen horror (D:11)
  4 komodo dragons
  9 trolls
  A tyrant leech (Lair:3)
  4 polar bears
  11 blink frogs
  7 slime creatures (Slime:1)
  7 wraiths
  4 water elementals (D:10)
  2 shadows
  3 vampires
  2 wyverns
  A yak (Lair:5)
  4 basilisks
  4 steam dragons
  A warg (Orc:2)
  A swamp worm (Lair:3)
  8 water moccasins
  4 acid dragons
  A sky beast (D:6)
  A swamp drake (Lair:5)
  2 black bears
  An ice beast (D:7)
  14 orc warriors
  22 ogres
  35 wolves
  3 centaurs
  A phantom (D:5)
  A kobold brigand (D:8)
  11 bullfrogs
  Blork the orc (Orc:1)
  5 scorpions
  2 gnoll sergeants
  8 wights
  11 killer bees
  4 howler monkeys
  7 hounds
  14 orc priests
  3 jellies
  2 gnoll boudas
  A sleepcap (D:7)
  2 iguanas
  21 orc wizards
  4 hell rats (Lair:5)
  6 adders
  17 gnolls
  2 white imps
  3 worms (D:2)
  A dart slug (D:2)
  49 orcs
  4 bats
  11 endoplasms
  4 giant cockroaches
  11 goblins
  5 hobgoblins
  8 kobolds
  5 quokkas
  7 ball pythons
  A frilled lizard (D:1)
  6 rats
  A foxfire (Orc:1)
465 creatures vanquished.

Vanquished Creatures (collateral kills)
  An orc knight (D:11)
  A cane toad (Lair:5)
  A shadow (D:11)
  2 yaks (Lair:5)
  An acid dragon (Lair:5)
  12 foxfires
18 creatures vanquished.

Vanquished Creatures (others)
  939 foxfires
  24 fungi
  38 plants
1001 creatures vanquished.

Grand Total: 1484 creatures vanquished

Notes
Turn   | Place    | Note
-------+----------+-------------------------------------------
     0 | D:1      | graymark the Djinni Fire Elementalist began the quest for
                  | the Orb.
     0 | D:1      | graymark set off with the following spells memorised:
                  | Foxfire, Scorch, Volatile Blastmotes, Inner Flame, Flame
                  | Wave.
     0 | D:1      | Reached XP level 1. HP: 15/15 MP: 0/0
    39 | D:1      | Found a faded altar of an unknown god.
   148 | D:1      | Reached XP level 2. HP: 13/21 MP: 0/0
   520 | D:1      | Reached XP level 3. HP: 23/25 MP: 0/0
   520 | D:1      | Learned a level 1 spell: Sandblast
   746 | D:2      | Identified the +5 dagger of the Insatiable Violins {holy,
                  | *Rage rElec rPois Str+5}
   841 | D:2      | Reached XP level 4. HP: 29/31 MP: 0/0
  2129 | D:4      | Reached XP level 5. HP: 33/35 MP: 0/0
  2129 | D:4      | Learned a level 2 spell: Momentum Strike
  2288 | D:4      | Reached XP level 6. HP: 35/40 MP: 0/0
  2571 | D:4      | Identified 2 scrolls of acquirement
  2571 | D:4      | Acquired the ring "Jyhoing" {*Slow rC+ Int+6 Dex+4}
  2572 | D:4      | Acquired the ring of the Country {Contam rF+++ rCorr Str+4}
  2774 | D:5      | Entered Level 5 of the Dungeon
  2818 | D:5      | Found a bloodstained altar of Trog.
  2845 | D:5      | Reached XP level 7. HP: 38/45 MP: 0/0
  2845 | D:5      | Learned a level 3 spell: Dazzling Flash
  2984 | D:5      | Found a stormy altar of Qazlal.
  3039 | D:5      | Found a staircase to the Ecumenical Temple.
  3048 | Temple   | Entered the Ecumenical Temple
  3055 | Temple   | Became a worshipper of Makhleb the Destroyer
  3738 | D:5      | Reached skill level 5 in Spellcasting
  3844 | D:5      | Reached skill level 5 in Dodging
  3844 | D:5      | Reached XP level 8. HP: 46/50 MP: 0/0
  4653 | D:6      | Gained mutation: You occasionally lose the ability to read
                  | scrolls when taking damage. [mutagenic glow]
  4847 | D:6      | Found a sacrificial altar of Ru.
  5000 | D:6      | Identified the +2 ring mail of Gallantry {rElec Dex+6}
  5596 | D:7      | Reached * piety under Makhleb
  5597 | D:7      | Reached XP level 9. HP: 45/55 MP: 0/0
  5597 | D:7      | Learned a level 3 spell: Mephitic Cloud
  5732 | D:7      | Reached skill level 5 in Stealth
  7107 | D:8      | Found a sparkling altar of Nemelex Xobeh.
  7447 | D:9      | Reached XP level 10. HP: 54/60 MP: 0/0
  7449 | D:9      | Reached ** piety under Makhleb
  7562 | D:9      | Found a staircase to the Orcish Mines.
  7677 | D:9      | Identified the +4 falchion of the Equator {heavy, rElec
                  | Will- Str+4}
  7998 | D:9      | Found a broken altar of Ashenzari.
  8490 | D:10     | Entered Level 10 of the Dungeon
  8573 | D:10     | Noticed Erolcha
  8577 | D:10     | Reached skill level 1 in Fighting
  8584 | D:10     | Killed Erolcha
  8861 | D:10     | Identified the +7 falchion "Ynorei" {freeze, *Noise rElec
                  | rF+ Str+3}
  9016 | D:10     | Reached skill level 1 in Invocations
  9016 | D:10     | Reached XP level 11. HP: 66/70 MP: 0/0
  9016 | D:10     | Learned a level 4 spell: Olgreb's Toxic Radiance
  9045 | D:10     | Noticed Alarkh's ghost (novice DsWr)
  9046 | D:10     | Noticed a tengu warrior
  9048 | D:10     | Noticed an oklob plant
  9067 | D:10     | Found a transporter.
  9079 | D:10     | Found a transporter.
  9083 | D:10     | Noticed a cyclops
  9084 | D:10     | Noticed a red ugly thing
  9256 | D:10     | Found a staircase to the Lair.
  9406 | D:10     | Noticed a manticore
  9425 | D:10     | Reached *** piety under Makhleb
  9761 | Lair:1   | Entered Level 1 of the Lair of Beasts
 10972 | Lair:2   | Noticed a seven-headed hydra
 11244 | Lair:2   | Reached skill level 5 in Fighting
 11254 | Lair:2   | Killed a seven-headed hydra
 11309 | Lair:2   | Found a hole to the Spider Nest.
 11383 | Lair:2   | Reached skill level 10 in Spellcasting
 11383 | Lair:2   | Reached XP level 12. HP: 81/81 MP: 0/0
 11694 | Lair:2   | Reached skill level 10 in Dodging
 12370 | Lair:3   | Reached skill level 5 in Invocations
 12683 | Lair:3   | Noticed Sonja
 12687 | Lair:3   | Killed Sonja
 12878 | Lair:3   | Noticed a catoblepas
 12893 | Lair:3   | Killed a catoblepas
 13074 | Lair:3   | Found a staircase to the Swamp.
 13778 | Lair:4   | Noticed a catoblepas
 13785 | Lair:4   | Killed a catoblepas
 13785 | Lair:4   | Reached **** piety under Makhleb
 13809 | Lair:4   | Reached XP level 13. HP: 89/89 MP: 0/0
 13809 | Lair:4   | Learned a level 5 spell: Yara's Violent Unravelling
 14138 | Lair:4   | Found a staircase to the Slime Pits.
 14257 | Lair:4   | Found a runed translucent door.
 14257 | Lair:4   | Found a shimmering altar of Xom.
 14257 | Lair:4   | Noticed Alarkh's ghost (journeyman DsHs)
 14257 | Lair:4   | Identified the +11 morningstar of Gikhlaof {chaos, rC+
                  | rCorr}
 14954 | Lair:5   | Entered Level 5 of the Lair of Beasts
 15195 | Lair:5   | Noticed a seven-headed hydra
 15201 | Lair:5   | Killed a seven-headed hydra
 15266 | Lair:5   | Noticed a five-headed hydra
 15280 | Lair:5   | Noticed a six-headed hydra
 15281 | Lair:5   | Killed a five-headed hydra
 15303 | Lair:5   | Noticed a six-headed hydra
 15309 | Lair:5   | Killed a six-headed hydra
 15856 | Lair:5   | Killed a six-headed hydra
 16656 | Lair:5   | Reached skill level 1 in Armour
 16656 | Lair:5   | Reached XP level 14. HP: 91/99 MP: 0/0
 16983 | Lair:5   | Noticed a dire elephant
 17032 | Lair:5   | Killed a dire elephant
 17569 | Orc:1    | Entered Level 1 of the Orcish Mines
 17743 | Orc:1    | Noticed Blork the orc
 17749 | Orc:1    | Killed Blork the orc
 18128 | Orc:2    | Entered Level 2 of the Orcish Mines
 18132 | Orc:2    | Noticed Maurice
 18141 | Orc:2    | Killed Maurice
 18220 | Orc:2    | Found Jasoju's Magic Scroll Shoppe.
 18220 | Orc:2    | Found Wasomeas's Weapon Emporium.
 18229 | Orc:2    | Reached ***** piety under Makhleb
 18287 | Orc:2    | Found Giplal's Jewellery Boutique.
 18296 | Orc:2    | Bought a scroll of blinking for 105 gold pieces
 18322 | Orc:2    | Found Gabiom's Antique Armour Shoppe.
 18344 | Orc:2    | Found a staircase to the Elven Halls.
 18463 | Orc:2    | Noticed Josephine
 18472 | Orc:2    | Killed Josephine
 18716 | Orc:2    | Bought the -2 hat of the Alchemist {rElec rPois rF+ rC+ rN+
                  | Will+ rMut rCorr} for 1652 gold pieces
 18716 | Orc:2    | Found the -2 hat of the Alchemist {rElec rPois rF+ rC+ rN+
                  | Will+ rMut rCorr}
 18733 | Orc:2    | Bought a ring of see invisible for 195 gold pieces
 18965 | D:10     | Reached XP level 15. HP: 77/106 MP: 0/0
 18965 | D:10     | Learned a level 6 spell: Simulacrum
 19065 | D:11     | Identified the +4 ring mail "Ijaedykh" {Drain rF+ rN+++
                  | Stlth+}
 19615 | D:11     | Found Xaatoed's Weapon Shop.
 19884 | D:11     | Noticed Amaemon
 19896 | D:11     | Killed Amaemon
 20447 | Slime:1  | Entered Level 1 of the Pits of Slime
 20447 | Slime:1  | Noticed an acid blob
 20454 | Slime:1  | Noticed an acid blob
 20460 | Lair:4   | HP: 6/145 [acid blob (28)]
 20460 | Lair:4   | Splashed by an acid blob's acid

Illustrated notes

Levels and vault maps discovered:
D:1:      zaba_arrival_water, layout_rooms, dreamdust_ecumenical_altar_statues,
          minmay_pentomino_z4
D:2:      layout_basic
D:3:      layout_loops_ring, kennysheep_boxes
D:4:      layout_rooms
D:5:      layout_basic, grunt_qazlal_clouds, kennysheep_orc_sif_temple,
          bloody_trog, minmay_temple_entry_waves
D:6:      layout_basic, nicolae_ru_awakened_eye
D:7:      layout_loops_ring, lemuel_round_altar
D:8:      layout_loops_ring, nemelex_xobeh_ov_fountains_minmay
D:9:      layout_irregular_city, old_standard_altar, david_orc_2
D:10:     layout_basic, grunt_lair_entry_orc_guard_hut, nzn_ghost_randoct,
          nicolae_underground_beach, uniq_erolcha
D:11:     cheibrodos_elevator_heist, layout_basic, serial_shops, shop,
          kennysheep_nub, kennysheep_generic_room_7, uniq_amaemon
Temple:   hellmonk_temple_of_storms
Lair:1:   layout_hall_layers
Lair:2:   layout_gridlike, spider_nest_entry_a
Lair:3:   layout_cave_pods, minmay_swamp_entry_worms,
          chequers_serial_rivers_small_3, serial_bayou_shore_b, uniq_sonja
Lair:4:   layout_big_grid, slime_entry_1, ebering_ghost_xom
Lair:5:   grunt_lair_end_beastmaster, layout_gridlike, guppyfry_lair_drakes
Slime:1:  layout_caves
Orc:1:    layout_caves, basic_altar, sword_in_stone
Orc:2:    st_orc_open, layout_diamond_mine, uniq_maurice, uniq_josephine

Skill      XL: |  1  2  3  4  5  6  7  8  9 10 11 12 13 14 15 |
---------------+----------------------------------------------+-----
Stealth        | 2 3 4 6 7 |  7.0
Spellcasting   | 3 4 5 6 7 8 10 11 12 13 | 13.1
Dodging        | 3 4 5 6 7 8 9 10 12 13 | 13.0
Fighting       | 2 5 6 8 9 |  9.7
Invocations    | 1 4 6 7 8 9 |  9.2
Armour         | 1 4 |  4.7
Shields        | |  0.4

Action                     |  1- 3 |  4- 6 |  7- 9 | 10-12 | 13-15 || total
---------------------------+-------+-------+-------+-------+-------++-------
  Melee: Dagger            |       |       |     9 |       |       ||     9
         Punch             |       |       |     1 |       |     1 ||     2
         Short sword       |       |       |       |     1 |    20 ||    21
   Cast: Foxfire           |    55 |    97 |    66 |   142 |   204 ||   564
         Momentum Strike   |       |     3 |       |     1 |     3 ||     7
         Scorch            |       |     7 |    68 |    86 |   106 ||   267
         Volatile Blastmot |       |       |     8 |     6 |     6 ||    20
         Dazzling Flash    |       |       |     4 |     4 |    17 ||    25
         Flame Wave        |       |       |     2 |    16 |    17 ||    35
         Sandblast         |       |       |    17 |    56 |    32 ||   105
         Mephitic Cloud    |       |       |     7 |    17 |    23 ||    47
         Olgreb's Toxic Ra |       |       |       |    21 |    54 ||    75
         Yara's Violent Un |       |       |       |       |    10 ||    10
         Inner Flame       |       |       |       |       |     6 ||     6
         Simulacrum        |       |       |       |       |     3 ||     3
 Invoke: Lesser Servant of |       |       |       |       |     5 ||     5
         Greater Servant o |       |       |       |       |     1 ||     1
Ability: Evoke Invisibilit |       |       |       |       |     1 ||     1
  Evoke: Wand              |       |       |       |       |     1 ||     1
    Use: Scroll            |     1 |     4 |     5 |    13 |     9 ||    32
         Potion            |       |       |     1 |     4 |     3 ||     8
   Stab: Sleeping          |       |       |     1 |       |       ||     1
 Armour: Robe              |     1 |     3 |     2 |     5 |    29 ||    40
         Skin              |       |       |       |     2 |       ||     2
  Dodge: Dodged            |     2 |     4 |    53 |    79 |   167 ||   305
